Map: King's Cove LE

Players

Throwfordays - Winner!

  • Race: Protoss Protoss
  • League: Bronze
  • Spawn Location: 11:00

younger

  • Race: Protoss Protoss
  • League: Bronze
  • Spawn Location: 5:00

VOD

Have the link to the VOD?

Description

Time

  • Played on: Jan. 22, 2019, 8:02 p.m.
  • Length: 3:21
Show
View Real Time Build Order
Export as new Build Order

Throwfordays Protoss - Winner!

Build Orders:  

Get SALT Encoding   

  12  0:00  Probe  
  13  0:12  Probe  
  14  0:21  Pylon  
  14  0:30  Probe  
  15  0:42  Probe  
  16  0:52  Gateway  
  16  0:54  Probe  
  17  0:57  Gateway  
  17  1:06  Probe  
  17  1:07  Assimilator  
  18  1:19  Probe  
  19  1:31  Probe  
  20  1:39  Cybernetics Core  
  20  1:43  Probe  
  21  1:56  Pylon  
  21  2:05  Nexus  
  21  2:09  Assimilator  
  21  2:23  Stalker  
  23  2:34  Probe  
  24  2:40  Stalker  
  26  2:46  Probe  
  27  2:58  Pylon, Probe  
  29  3:02  Pylon  
Show
View Real Time Build Order
Export as new Build Order

younger Protoss 

Build Orders:  

Get SALT Encoding   

  12  0:14  Pylon  
  12  0:19  Probe  
  13  0:31  Probe  
  14  0:37  Gateway  
  14  0:46  Assimilator  
  14  1:05  Pylon  
  14  1:15  Probe  
  15  1:25  Zealot  
  17  1:27  Probe  
  18  1:41  Cybernetics Core  
  18  1:46  Pylon  
  18  1:52  Zealot  
  20  2:00  Assimilator  
  20  2:19  Pylon  
  20  2:24  Stargate  
  20  2:30  Stalker  
  22  2:48  Pylon  
Tags
 
Matchup
PvP
Replay Pack
Multiplayer
Spawn Locations
Cross Positions
Add a new tag
Caveats
  • Supply blocks, unpowered buildings, or Contaminate may cause inaccurate times.
  • Supply counts are checked every 10 seconds.